AoeStats
← IsaacPewton

Arabia

510165119Analyzed
1v1 RM · 4d ago on Sep 29, 2026· 43m 58s· 2 players
Game mode
Random Map
Map size
Tiny (2 player)
Population
200
Speed
Normal
Resources
Standard
Victory
Conquest
Starting age
Dark Age
Ending age
Imperial Age
RankedLock teamsTeams togetherTeam positionsShared explorationLock speedFull tech treeHidden civsTurbo modeCheats
Victory
Defeat
🇺🇸 Aztecs · United States
795
+17
🇸🇪 Khmer · Sweden
806
-17
truffle shuffle
7:07 Loom
10:45 Feudal Age
12:51 Double-Bit Axe
13:11 Horse Collar
19:38 Wheelbarrow
22:33 Castle Age
21:28 Stone Mining
21:30 Gold Mining
22:15 Forging
23:40 Crossbowman
26:37 Bow Saw
26:29 Heavy Plow
27:20 Hand Cart
27:19 Padded Archer Armor
33:58 Gold Shaft Mining
34:01 Stone Shaft Mining
39:15 Imperial Age
37:22 Pikeman
37:23 Eagle Warrior
40:53 Scale Mail Armor
41:29 Iron Casting
40:35 Capped Ram
42:10 Chain Mail Armor
IsaacPewton
9:33 Feudal Age
12:17 Double-Bit Axe
12:22 Horse Collar
12:43 Loom
14:12 Wheelbarrow
15:18 Fletching
20:34 Castle Age
22:49 Husbandry
23:03 Bloodlines
23:02 Scale Barding Armor
25:46 Bow Saw
26:15 Forging
26:26 Chain Barding Armor
31:25 Hand Cart
40:01 Imperial Age
39:10 Crossbowman
39:49 Bodkin Arrow
39:55 Padded Archer Armor
Connection lost

Rejoining the realm…

Still unreachable

The connection could not be restored.

Session expired

The server has moved on; the page needs a fresh start.